 Dungeon Crawl Stone Soup version 0.29.0-4-gdea44cf6ec (webtiles) character file.

Game seed: 17087400630268898041

118 qw the Ruffian (level 5, 0/42 HPs)
             Began as a Ghoul Fire Elementalist on Aug 29, 2022.
             Splashed by a jelly's acid (5 damage)
             ... on level 4 of the Dungeon.
             The game lasted 00:02:47 (4514 turns).

qw the Ruffian (Ghoul Fire Elementalist)            Turns: 4514, Time: 00:02:48

Health: 0/42       AC: -1    Str: 14    XL:     5   Next: 2%
Magic:  6/6        EV:  9    Int: 10    God:
Gold:   108        SH:  0    Dex:  9    Spells: 6/7 levels left

rFire   . . .      SeeInvis .     - Unarmed
rCold   + . .      Faith    .   (no shield)
rNeg    + + +      Spirit   .   d - +0 scale mail
rPois   inf        Reflect  .   (no helmet)
rElec   .          Harm     .   (no cloak)
rCorr   .          Rampage  .   (no gloves)
Will    .....                   k - +0 pair of boots
Stlth   ..........              (no amulet)
HPRegen 0.00/turn               (no ring)
MPRegen 0.10/turn               (no ring)

@: about to teleport, corroded, inhibited regen
A: claws 1, cold resistance 1, negative energy resistance 3, inhibited
regeneration, torment resistance 2, devour on kill
a: no special abilities


You were on level 4 of the Dungeon.
You visited 1 branch of the dungeon, and saw 4 of its levels.

You collected 108 gold pieces.


Innate Abilities, Weirdness & Mutations

You are immune to poison.
You have sharp fingernails.
Your flesh is cold resistant. (rC+)
You are immune to negative energy. (rN+++)
You do not regenerate when monsters are visible.
You are immune to unholy pain and torment.
You thrive by killing the living.


   Skills:
 - Level 2.5 Fighting
 - Level 1.7 Dodging
 - Level 2.1 Stealth
 + Level 4.0 Unarmed Combat
 - Level 1.7 Spellcasting
 - Level 0.7 Conjurations
 - Level 2.4 Fire Magic


You had 6 spell levels left.
You knew the following spells:

 Your Spells              Type           Power      Damage    Failure   Level
a - Foxfire               Conj/Fire      16%        2x1d4     58%         1

Your spell library contained the following spells:

 Spells                   Type           Power      Damage    Failure   Level
 Scorch                   Fire           10%        2d5       63%         2
 Conjure Flame            Conj/Fire      4%         6-21      92%         3
 Inner Flame              Hex/Fire       3%         N/A       95%         3
 Flame Wave               Conj/Fire      4%         2d5       100%        4

Inventory:

Armour
 a - a +0 cloak
 d - a +0 scale mail (worn)
 k - a +0 pair of boots (worn)
Scrolls
 b - a scroll of teleportation
Potions
 c - a potion of heal wounds {unknown}
 h - a potion of haste {unknown}
 j - a potion of curing {unknown}

Dungeon Overview and Level Annotations

Branches:
Dungeon (4/15)
 Temple: D:4-7

Altars:

Shops:
D:1 :   D:2 =(


Message History

You scratch the jelly.
You kill the jelly!
You feel better.
Your Fighting skill increases to level 2!
You have reached level 5!
You feel stronger.
You start resting.
HP restored.
You see here a +0 dagger.
a - a +0 cloak A jelly comes into view.
Found a runed rapier.
The jelly quivers.
You scratch the jelly. The acid corrodes you!
Your claws burn!
The jelly is heavily wounded.
The jelly hits you but does no damage.
You scratch the jelly but do no damage.
Your claws burn!
The jelly is heavily wounded.
The jelly hits you.
You are splashed with acid!
You scratch the jelly but do no damage.
Your claws burn!
The jelly is heavily wounded.
The jelly completely misses you.
You scratch the jelly but do no damage.
Your claws burn!
You claw the jelly, but do no damage.
The jelly is moderately wounded.
The jelly hits you but does no damage.
You scratch the jelly. The acid corrodes you!
Your claws burn!
The jelly is severely wounded.
The jelly barely misses you.
You barely miss the jelly.
The jelly is severely wounded.
The jelly closely misses you.
You scratch the jelly but do no damage.
Your claws burn!
The jelly is severely wounded.
The jelly hits you.
You are splashed with acid!
4513 ||| READING 2 scrolls of teleportation.
As you read the scroll of teleportation, it crumbles to dust.
You feel strangely unstable. The jelly closely misses you.
You scratch the jelly but do no damage.
Your claws burn!
You die...

....) ....
...# .##
... ..# ..#
#.# ..#
#.######J.#
#.##...@..#
#.##.###.##
#.##.# .#
#....# #.#
#.#### #.#
#.# ##.##
#.# #...
#.# #..#
#.# #..#


You could see a jelly.

Vanquished Creatures
  A jelly (D:4)
  2 adders
  A dart slug (D:3)
  An orc (D:3)
  6 endoplasms
  3 giant cockroaches
  4 goblins
  5 hobgoblins
  8 jackals
  9 kobolds
  A quokka (D:1)
  8 ball pythons
  7 bats
  3 rats
59 creatures vanquished.

Notes
Turn   | Place    | Note
-------+----------+-------------------------------------------
     0 | D:1      | qw the Ghoul Fire Elementalist began the quest for the Orb.
     0 | D:1      | Reached XP level 1. HP: 14/14 MP: 2/2
     0 | D:1      | 0 ||| qw: Version: 0.1-a-90-g952f4b7
     0 | D:1      | 0 ||| qw: Game counter: 3798
     0 | D:1      | 0 ||| qw: Always use a shield: true
     0 | D:1      | 0 ||| qw: God list: Okawaru
     0 | D:1      | 0 ||| qw: Allow faded altars: false
     0 | D:1      | 0 ||| qw: Do Orc after D:15 true
     0 | D:1      | 0 ||| qw: Do second Lair branch before Depths: true
     0 | D:1      | 0 ||| qw: Lair rune preference: random
     0 | D:1      | 0 ||| qw: Plans: Normal
     0 | D:1      | 0 ||| PLANNING D:1-11
   248 | D:1      | Reached skill level 1 in Unarmed Combat
   316 | D:1      | 316 ||| Stepping ~*~*~tactically~*~*~ (stealth).
   318 | D:1      | 318 ||| Stepping ~*~*~tactically~*~*~ (stealth).
   332 | D:1      | HP: 3/15 [goblin/+0 club (3)]
   633 | D:1      | Reached skill level 1 in Fighting
   633 | D:1      | Reached XP level 2. HP: 23/23 MP: 3/3
   652 | D:1      | 652 ||| Stepping ~*~*~tactically~*~*~ (outnumbered).
   883 | D:1      | 883 ||| Stepping ~*~*~tactically~*~*~ (outnumbered).
  1135 | D:1      | Reached skill level 2 in Unarmed Combat
  1210 | D:1      | Found a faded altar of an unknown god.
  1562 | D:1      | Found Tyavax's Book Shop.
  1797 | D:1      | Reached XP level 3. HP: 28/28 MP: 4/4
  2084 | D:1      | 2084 ||| UPGRADING to +0 leather armour.
  2094 | D:1      | 2094 ||| DROPPING +0 robe.
  2095 | D:1      | 2095 ||| UPGRADING to +0 pair of boots.
  2100 | D:1      | 2100 ||| READING scroll labelled JEIFUK OMODIAT.
  2101 | D:1      | 2101 ||| READING 3 scrolls labelled ANOLIM GENGIZI.
  2102 | D:1      | 2102 ||| READING 2 scrolls labelled ZYENTOUSSEB.
  2103 | D:1      | 2103 ||| READING scroll labelled TAIM WEJANAX.
  2104 | D:1      | 2104 ||| READING scroll labelled MALLAM NIAFOCU.
  2105 | D:1      | 2105 ||| DROPPING potion of magic.
  2106 | D:1      | 2106 ||| DROPPING 2 scrolls of summoning.
  2107 | D:1      | 2107 ||| DROPPING scroll of fog.
  2143 | D:2      | Found Unuczeogo's Antique Weapon Boutique.
  2247 | D:2      | 2247 ||| Stepping ~*~*~tactically~*~*~ (outnumbered).
  2369 | D:2      | Found Bouzeitie's One-of-a-Kind Rings.
  2374 | D:2      | 2374 ||| SHOPLISTING +2 ring of slaying (273 gold, have
                  | 53).
  2374 | D:2      | 2374 ||| SHOPLISTING +8 ring of strength (715 gold, have
                  | 53).
  2374 | D:2      | 2374 ||| SHOPLISTING ring "Pudebuirgh" {rC++ rN+ rCorr
                  | Int+5} (769 gold, have 53).
  2374 | D:2      | 2374 ||| SHOPLISTING ring of Ipeanla {rF- rN+ Will+ rCorr
                  | Slay+3} (551 gold, have 53).
  2374 | D:2      | 2374 ||| SHOPLISTING ring of Kobavoso {rF+ rCorr SInv} (496
                  | gold, have 53).
  2374 | D:2      | 2374 ||| SHOPLISTING ring of the Tempest {rCorr MP+9 Int+6}
                  | (877 gold, have 53).
  2458 | D:2      | 2458 ||| Stepping ~*~*~tactically~*~*~ (stealth).
  2592 | D:2      | Reached skill level 3 in Unarmed Combat
  2695 | D:2      | 2695 ||| READING scroll labelled HOECHUE KUULEMN.
  2696 | D:2      | 2696 ||| READING 2 scrolls labelled JELLUADIASCH.
  2834 | D:2      | 2834 ||| Stepping ~*~*~tactically~*~*~ (stealth).
  3169 | D:2      | 3169 ||| UPGRADING to +0 ring mail.
  3179 | D:2      | 3179 ||| DROPPING +0 leather armour.
  3180 | D:2      | 3180 ||| READING scroll labelled ICOFYL WIPNU.
  3181 | D:2      | 3181 ||| READING scroll labelled KEIGADIAWN.
  3182 | D:2      | 3182 ||| DRINKING 3 golden potions.
  3183 | D:2      | 3183 ||| DROPPING 2 potions of lignification.
  3317 | D:3      | 3317 ||| Stepping ~*~*~tactically~*~*~ (stealth).
  3319 | D:3      | 3319 ||| Stepping ~*~*~tactically~*~*~ (stealth).
  3333 | D:3      | 3333 ||| Stepping ~*~*~tactically~*~*~ (hiding).
  3339 | D:3      | 3339 ||| Stepping ~*~*~tactically~*~*~ (hiding).
  3358 | D:3      | 3358 ||| Stepping ~*~*~tactically~*~*~ (stealth).
  3359 | D:3      | 3359 ||| Stepping ~*~*~tactically~*~*~ (stealth).
  3360 | D:3      | 3360 ||| Stepping ~*~*~tactically~*~*~ (stealth).
  3471 | D:3      | Reached XP level 4. HP: 35/35 MP: 5/5
  4221 | D:3      | Reached skill level 4 in Unarmed Combat
  4341 | D:3      | 4341 ||| UPGRADING to +0 scale mail.
  4351 | D:3      | 4351 ||| DROPPING +0 ring mail.
  4352 | D:3      | 4352 ||| READING scroll labelled OBEF INADOGUYPP.
  4427 | D:4      | Reached XP level 5. HP: 36/42 MP: 6/6
  4512 | D:4      | HP: 5/42 [acid (11)]
  4513 | D:4      | 4513 ||| READING 2 scrolls of teleportation.
  4514 | D:4      | Splashed by a jelly's acid

Levels and vault maps discovered:
D:1:      amcnicky_arrival_single_pillar, layout_loops_corners,
          basic_ecumenical_altar, serial_shops, shop, minmay_hedge_maze,
          hangedman_feature_mirror
D:2:      layout_basic, serial_shops, nicolae_shop_crystal,
          minmay_strange_pillars, nicolae_shop_unique_rings
D:3:      layout_basic
D:4:      layout_loops_ring, serial_demonic, serial_demonic_f, serial_demonic_d,
          serial_demonic_f, serial_demonic_c, minmay_surrounded, uniq_natasha

Skill      XL: |  1  2  3  4 |
---------------+-------------+-----
Unarmed Combat | 1 2 3 4 |  4.0
Fighting       | 1 2 |  2.5
Dodging        | |  1.7
Stealth        | |  2.1
Spellcasting   | |  1.7
Conjurations   | |  0.7
Fire Magic     | |  2.4

Action                   |  1- 3 |  4- 6 || total
-------------------------+-------+-------++-------
Melee: Unarmed           |   193 |    45 ||   238
       Punch             |     1 |     2 ||     3
  Use: Scroll            |     9 |     2 ||    11
       Potion            |     1 |       ||     1
Armor: Robe              |    12 |       ||    12
       Leather armour    |    15 |       ||    15
       Ring mail         |     3 |     4 ||     7
       Scale mail        |       |     5 ||     5
Dodge: Dodged            |   115 |    14 ||   129

Table legend:
 A = Non-vault XP
 B = Vault XP
 C = Vault XP percentage of total XP
 D = Non-vault monster count
 E = Vault monster count
 F = Vault count percentage of total count
                 A         B        C        D         E       F
            +---------+---------+-------+---------+---------+-------
      Total |     167 |       2 |   1.2 |      57 |       2 |   3.4
            +---------+---------+-------+---------+---------+-------
        D:1 |      36 |       2 |   5.3 |      22 |       2 |   8.3
        D:2 |      30 |       0 |   0.0 |      17 |       0 |   0.0
        D:3 |      44 |       0 |   0.0 |      16 |       0 |   0.0
        D:4 |      57 |       0 |   0.0 |       2 |       0 |   0.0
            +---------+---------+-------+---------+---------+-------
